 Dungeon Crawl Stone Soup version 0.31-a0-836-g3ceb0a68c4 (webtiles) character file.

Game seed: 4185740367920329262

46 javelincjr the Trooper (level 3, 0/29 HPs)
             Began as a Demonspawn Fighter on Sept 26, 2023.
             Slain by an orc wizard
             ... wielding a +0 dagger
              (2 damage)
             ... on level 3 of the Dungeon.
             The game lasted 00:02:49 (1672 turns).

javelincjr the Trooper (Demonspawn Fighter)         Turns: 1672, Time: 00:02:49

Health: 0/29       AC:  6    Str: 18    XL:     3   Next: 44%
Magic:  3/3        EV:  9    Int:  9    God:
Gold:   206        SH:  4    Dex: 12    Spells: 2/2 levels left

rFire   . . .        a - +0 trident
rCold   . . .        c - +0 buckler
rNeg    . . .        b - +0 scale mail
rPois   .            (helmet restricted)
rElec   .            (no cloak)
rCorr   .            (no gloves)
SInv    .            (no boots)
Will    +....        (no amulet) Stlth
                     (no ring)
HPRegen 0.24/turn    (no ring)
MPRegen 0.08/turn

%: no passive effects
@: enlightened, flying
A: horns 1, foul stench 1
a: no special abilities


You were on level 3 of the Dungeon.
You visited 1 branch of the dungeon, and saw 3 of its levels.

You collected 206 gold pieces.

Inventory:

Hand Weapons
 a - a +0 trident (weapon)
 o - a +1 dagger of speed
Missiles
 n - 6 poisoned darts
Armour
 b - a +0 scale mail (worn)
 c - a +0 buckler (worn)
Scrolls
 e - 2 scrolls of poison {unknown}
 f - 2 scrolls of blinking {unknown}
 g - a scroll of noise {unknown}
 h - a scroll of immolation {unknown}
 k - 2 scrolls of revelation {unknown}
 m - a scroll of teleportation {unknown}
 p - a scroll of vulnerability {unknown}
Potions
 d - a potion of might
 l - a potion of haste {unknown}


   Skills:
 + Level 3.4 Fighting
 + Level 2.3 Polearms
 + Level 3.1 Armour
 + Level 3.1 Shields


You had 2 spell levels left.
You didn't know any spells.
Your spell library contained the following spells:

 Spells                   Type           Power      Damage    Failure   Level
 Inner Flame              Hex/Fire       0%         N/A       99%         3
 Flame Wave               Conj/Fire      0%         2d4       100%        4
 Sticky Flame             Conj/Fire      0%         2d3       100%        4


Dungeon Overview and Level Annotations

Branches:
Dungeon (3/15)

Altars:


Innate Abilities, Weirdness & Mutations

You have a pair of small horns on your head.
You may rarely emit foul miasma when damaged in melee.


Message History

You kill the orc!
You puncture the orc!
You kill the orc!
The orc priest mumbles some strange prayers to Beogh against you.
Pain shoots through your body!
* * * LOW HITPOINT WARNING * * *
You are too injured to fight recklessly!
You are too injured to fight recklessly!
You are too injured to fight recklessly!
It was a potion of enlightenment.
You feel very buoyant.
You fly up into the air.
It was a potion of ambrosia.
You are confused.
You feel invigorated.
You are too injured to fight recklessly!
You barely miss the orc. The orc closely misses you.
You miss the orc priest. Your headbutt misses the orc priest.
The orc completely misses you.
The orc priest calls down the wrath of Beogh upon you.
Beogh smites you!
You feel less invigorated.
You feel less confused. The orc wizard casts a spell at you.
You resist with almost no effort. You block the orc's attack.
You hit the orc priest but do no damage.
The orc priest mumbles some strange prayers to Beogh against you.
Beogh smites you!
* * * LOW HITPOINT WARNING * * *
The orc wizard gestures wildly while chanting.
The orc wizard flickers and vanishes!
Deactivating autopickup; reactivate with Ctrl-A.
The orc hits you but does no damage.
The orc priest hits you but does no damage.
You hit the orc priest but do no damage.
The orc priest hits you with a +0 club.
* * * LOW HITPOINT WARNING * * *
The orc barely misses you. The orc priest closely misses you.
Something hits you.
You die...

#.....# #.....# ##.....#
.....†.# ##.....# ####.##
#.#
#####.####################
†..........†...o@o......>#
#####.#.........o..#####.
#...#########..#
#..###....)o...# #..#
.....oo...# #..#
.....o....# #..#
.........$# #..#
..........# ..........#


You could see 2 orc priests and an orc.

Vanquished Creatures
  An adder skeleton (D:2)
  An adder zombie (D:2)
  A worm (D:3)
  2 orcs (D:3)
  2 ball pythons (D:1)
  A bat skeleton (D:2)
  3 endoplasms
  2 giant cockroaches
  2 hobgoblins
  2 quokkas (D:2)
  A ball python skeleton (D:2)
  A ball python zombie (D:2)
  5 bats
  3 frilled lizards
  5 kobolds
  4 rats
36 creatures vanquished.

Notes
Turn   | Place    | Note
-------+----------+-------------------------------------------
     0 | D:1      | javelincjr the Demonspawn Fighter began the quest for the
                  | Orb.
     0 | D:1      | Reached XP level 1. HP: 18/18 MP: 1/1
   199 | D:1      | Gained mutation: You have a pair of small horns on your
                  | head. [demonic ancestry]
   199 | D:1      | Reached XP level 2. HP: 24/24 MP: 2/2
   805 | D:2      | Gained mutation: You may rarely emit foul miasma when
                  | damaged in melee. [demonic ancestry]
   805 | D:2      | Reached XP level 3. HP: 29/29 MP: 3/3
  1044 | D:2      | Found a faded altar of an unknown god.
  1672 | D:3      | Slain by an orc wizard

Illustrated notes

Levels and vault maps discovered:
D:1:      scummos_arrival_star, layout_rooms
D:2:      layout_basic, serial_undead, serial_undead_e, serial_undead_b,
          serial_undead_a, serial_undead_d,
          hellmonk_ecumenical_altar_slurped_away,
          wander_ebering_terrifying_dragon_lair
D:3:      cheibrodos_pilgrimage, layout_basic, mainiacjoe_overflow_tiny_flanked,
          uniq_robin

Skill      XL: |  1  2 |
---------------+-------+-----
Polearms       | 2 |  2.3
Armour         | 3 |  3.1
Shields        | 3 |  3.1
Fighting       | |  3.4

Action                     || total
---------------------------++-------
  Melee: Trident           ||   101
         Headbutt          ||     8
    Use: Potion            ||     2
 Armour: Scale mail        ||    55
  Dodge: Dodged            ||    34
  Block: Buckler           ||    12

Table legend: (Time is in decaauts)
 A = Elapsed time spent in this place.
 B = Non-inter-level travel time spent in this place.
 C = Inter-level travel time spent in this place.
 D = Time resting spent in this place.
 E = Time spent auto-exploring this place.
 F = Levels seen in this place.
 G = Mean time per level.
                   A        B        C        D        E       F      G
               +--------+--------+--------+--------+--------+-----+--------+
         Total |   1694 |   1484 |    210 |      0 |   1246 |   3 |  564.7 |
       Dungeon |   1694 |   1484 |    210 |      0 |   1246 |   3 |  564.7 |
               +--------+--------+--------+--------+--------+-----+--------+

Top non-repeatable levels by time:
     D:2: 1191 daAuts
     D:1: 411 daAuts
     D:3: 90 daAuts
